 Dungeon Crawl Stone Soup version 0.28.0-47-ge53b351184 (webtiles) character file.

Game seed: 6889315190952242253

20 101zpm the Magician (level 2, 0/24 HPs)
             Began as a Troll Hedge Wizard on Apr 28, 2022.
             Succumbed to a goblin's poison
             ... on level 2 of the Dungeon.
             The game lasted 00:01:17 (366 turns).

101zpm the Magician (Troll Hedge Wizard)             Turns: 366, Time: 00:01:18

Health: 0/24       AC:  5    Str: 17    XL:     2   Next: 58%
Magic:  4/4        EV:  9    Int: 10    God:
Gold:   7          SH:  0    Dex:  9    Spells: 4/5 levels left

rFire   . . .      SeeInvis .   a - +0 dagger
rCold   . . .      Faith    .   (no shield)
rNeg    . . .      Spirit   .   b - +0 robe
rPois   .          Reflect  .   c - +0 hat
rElec   .          Harm     .   d - +0 cloak
rCorr   .          Rampage  .   (gloves unavailable)
Will    .....                   (boots unavailable)
Stlth   +.........              (no amulet)
HPRegen 0.88/turn               (no ring)
MPRegen 0.09/turn               (no ring)

@: lethally poisoned (0 -> -1)
A: large, unfitting armour, claws 3, regeneration 1, shaggy fur 1, tough skin 1
a: no special abilities


You were on level 2 of the Dungeon.
You visited 1 branch of the dungeon, and saw 3 of its levels.

You collected 7 gold pieces.

Inventory:

Hand Weapons
 a - a +0 dagger (weapon)
Armour
 b - a +0 robe (worn)
 c - a +0 hat (worn)
 d - a +0 cloak (worn)
Scrolls
 e - a scroll of identify {unknown}
Potions
 f - a potion of ambrosia {unknown}


   Skills:
 + Level 0.5 Short Blades
 + Level 1.7 Dodging
 + Level 1.0 Stealth
 + Level 2.3 Spellcasting
 + Level 0.6 Conjurations
 + Level 0.6 Summonings
 + Level 0.6 Translocations


You had 4 spell levels left.
You knew the following spells:

 Your Spells              Type           Power      Damage    Failure   Level
a - Magic Dart            Conj           8%         1d3       24%         1

Your spell library contained the following spells:

 Spells                   Type           Power      Damage    Failure   Level
 Slow                     Hex            4%         N/A       30%         1
 Blink                    Tloc           4%         N/A       34%         2
 Call Imp                 Summ           2%         N/A       34%         2
 Conjure Flame            Conj/Fire      1%         6-21      63%         3
 Mephitic Cloud           Conj/Pois/Air  1%         N/A       63%         3


Dungeon Overview and Level Annotations

Branches:
Dungeon (3/15)

Altars:

Annotations:
D:3 Robin


Innate Abilities, Weirdness & Mutations

You are too large for most types of armour.
You have claws for hands.
Your natural rate of healing is unusually fast.
You are covered in fur. (AC +1)
You have tough skin. (AC +1)


Message History

You feel very sick. The goblin hits you with a +0 club.
You feel sick. The goblin closely misses you.
You feel sick.
You feel sick. The goblin hits you with a +0 club.
You feel sick.
You feel sick.
You feel sick. The goblin hits you but does no damage.
You are more poisoned.
You feel very sick. The goblin hits you but does no damage.
There is a stone staircase leading up here.
You feel sick. The goblin hits you with a +0 club.
* * * LOW HITPOINT WARNING * * *
You climb upwards.
* * * LOW HITPOINT WARNING * * *
You feel very sick.
There is a stone staircase leading down here.
You are too injured to fight recklessly!
You closely miss the goblin.
You feel sick. The goblin barely misses you.
You hit the goblin.
The goblin is heavily wounded.
You feel sick.
The goblin no longer looks unusually strong.
The goblin hits you but does no damage.
You hit the goblin.
You kill the goblin!
You feel sick.
You hit the goblin but do no damage.
You feel sick. The goblin hits you but does no damage.
You are lethally poisoned!
You hit the goblin.
The goblin is severely wounded.
* * * LOW HITPOINT WARNING * * *
You feel sick. The goblin barely misses you.
You hit the goblin.
You kill the goblin!
* * * LOW HITPOINT WARNING * * *
You feel sick.
You die...

#############
..........@>#
######.#####
#.# #.# #.#
#.# #.# #.#
#.#


There were no monsters in sight!

Vanquished Creatures
  An adder (D:2)
  A dart slug (D:2)
  2 endoplasms (D:2)
  A kobold (D:1)
  A frilled lizard (D:2)
  3 goblins (D:2)
9 creatures vanquished.

Notes
Turn   | Place    | Note
-------+----------+-------------------------------------------
     0 | D:1      | 101zpm the Troll Hedge Wizard began the quest for the Orb.
     0 | D:1      | Reached XP level 1. HP: 16/16 MP: 2/2
   206 | D:2      | Reached XP level 2. HP: 19/24 MP: 0/4
   251 | D:3      | Noticed a necrophage
   348 | D:3      | Noticed Robin
   364 | D:2      | HP: 1/24 [poisoned by a goblin]
   366 | D:2      | Succumbed to a goblin's poison

Illustrated notes

Levels and vault maps discovered:
D:1:      nagdon_arrival_double_spiral, layout_loops_ring,
          hellmonk_ecumenical_altar_pennies_from_heaven
D:2:      layout_basic
D:3:      layout_rooms, okawaru_ov_weapons_minmay, uniq_robin, uniq_terence

Action                   || total
-------------------------++-------
Melee: Dagger            ||    41
 Cast: Magic Dart        ||     3
Armor: Robe              ||    12
Dodge: Dodged            ||    12
